General information
- name: BNet
- type: Ladder team game (AT/RT)
- host: Battle.net
- saver: LilHeathen
map: Cherryville
- players: 8
- length: 28:49
- speed: Fast
- version: 1.27 W3XP
- replay type: Public
» download(163 KB)
Players
team 1 (loser)
Dared (
pink | 43 APM | 1225 actions | 28:48)
8 Priestess of the Moon
3 Searing Arrows
3 Trueshot Aura
1 Starfall
1 Scout
» actions
| Build / train | 50 | |
| Enter build submenu | 26 | |
| Enter hero's abilities submenu | 8 | |
| Remove unit from queue | 4 | |
| Right click | 801 | |
| Select / deselect | 306 | |
| Use ability | 30 | |
1225 total
» units
| Wisp | 13 | |
| Huntress | 12 | |
| Chimaera | 5 | |
30 total
» upgrades
| Strength of the Moon | 3 | |
| Corrosive Breath | 1 | |
4 total
» buildings
| Moon Well | 11 | |
| Altar of Elders | 1 | |
| Ancient of War | 1 | |
| Hunter's Hall | 1 | |
| Tree of Ages | 1 | |
| Ancient of Wind | 2 | |
| Tree of Eternity | 1 | |
| Chimaera Roost | 2 | |
| Tree of Life | 4 | |
24 total
» build order
00:31 Moon Well
00:51 Altar of Elders
01:23 Ancient of War
01:52 Hunter's Hall
02:37 Moon Well
02:40 Moon Well
04:01 Tree of Ages
04:09 Moon Well
07:13 Ancient of Wind
09:12 Tree of Eternity
09:40 Moon Well
09:42 Moon Well
09:43 Moon Well
11:24 Ancient of Wind
11:36 Chimaera Roost
11:38 Chimaera Roost
14:11 Moon Well
14:12 Moon Well
15:23 Tree of Life
16:13 Moon Well
16:17 Moon Well
21:59 Tree of Life
24:59 Tree of Life
28:02 Tree of Life
» items
LongTKList (
orange | 6 APM | 117 actions | 19:25)
» actions
| Basic commands | 1 | |
| Build / train | 7 | |
| Enter build submenu | 13 | |
| Remove unit from queue | 7 | |
| Right click | 34 | |
| Select / deselect | 46 | |
| Use ability | 9 | |
117 total
» units
» buildings
| Altar of Elders | 1 | |
| Moon Well | 1 | |
| Town Hall | 1 | |
| Farm | 1 | |
| Scout Tower | 1 | |
| Necropolis | 1 | |
6 total
» build order
05:44 Altar of Elders
05:54 Moon Well
18:44 Town Hall
18:51 Farm
18:57 Scout Tower
19:13 Necropolis

»
Thundahcookie (
red | 35 APM | 622 actions | 17:50)
4 Dreadlord
2 Sleep
2 Vampiric Aura
» actions
| Basic commands | 2 | |
| Build / train | 51 | |
| Enter build submenu | 17 | |
| Enter hero's abilities submenu | 4 | |
| Remove unit from queue | 1 | |
| Right click | 387 | |
| Select / deselect | 131 | |
| Use ability | 29 | |
622 total
» units
» upgrades
| Unholy Armor | 2 | |
| Unholy Strength | 2 | |
4 total
» buildings
| Crypt | 2 | |
| Ziggurat | 7 | |
| Altar of Darkness | 1 | |
| Graveyard | 1 | |
| Nerubian Tower | 2 | |
| Necropolis | 1 | |
| Halls of the Dead | 1 | |
| Spirit Tower | 2 | |
| Black Citadel | 1 | |
18 total
» build order
00:14 Crypt
00:20 Ziggurat
00:39 Altar of Darkness
01:02 Ziggurat
01:59 Graveyard
03:09 Nerubian Tower
03:12 Nerubian Tower
05:07 Ziggurat
05:38 Necropolis
05:50 Ziggurat
06:56 Halls of the Dead
08:21 Ziggurat
08:26 Ziggurat
08:32 Spirit Tower
09:52 Black Citadel
10:05 Crypt
11:36 Spirit Tower
11:39 Ziggurat
KillYourTime (
yellow | 34 APM | 544 actions | 15:50)
4 Archmage
2 Summon Water Elemental
2 Brilliance Aura
» actions
| Basic commands | 18 | |
| Build / train | 44 | |
| Enter build submenu | 18 | |
| Enter hero's abilities submenu | 4 | |
| Give item / drop item | 1 | |
| Remove unit from queue | 1 | |
| Right click | 275 | |
| Select / deselect | 142 | |
| Use ability | 41 | |
544 total
» units
| Peasant | 9 | |
| Rifleman | 17 | |
| Goblin Shredder | 1 | |
| Priest | 1 | |
28 total
» upgrades
| Gunpowder | 2 | |
| Armor | 2 | |
| Long Rifles | 1 | |
| Priest Training | 1 | |
6 total
» buildings
| Altar of Kings | 1 | |
| Farm | 12 | |
| Blacksmith | 1 | |
| Barracks | 1 | |
| Keep | 1 | |
| Arcane Vault | 1 | |
| Arcane Sanctum | 1 | |
18 total
» build order
00:33 Altar of Kings
00:38 Farm
00:42 Blacksmith
01:34 Barracks
01:43 Farm
02:46 Farm
03:28 Farm
04:17 Farm
05:02 Farm
06:05 Farm
07:17 Farm
08:17 Farm
08:19 Keep
09:08 Farm
10:23 Arcane Vault
10:30 Farm
10:47 Farm
12:11 Arcane Sanctum
» items
| Scroll of Protection | 1 | |
| Scroll of Town Portal | 2 | |
3 total
team 2 (winner)
LilHeathen (
teal | 55 APM | 1572 actions | 28:49)
6 Blood Mage
3 Flame Strike
2 Siphon Mana
1 Summon Phoenix
» actions
| Assign group hotkey | 39 | |
| Basic commands | 28 | |
| Build / train | 107 | |
| Enter build submenu | 71 | |
| Enter hero's abilities submenu | 6 | |
| Give item / drop item | 6 | |
| Remove unit from queue | 2 | |
| Right click | 533 | |
| Select / deselect | 420 | |
| Select group hotkey | 196 | |
| Use ability | 163 | |
1572 total
» units
| Peasant | 12 | |
| Footman | 6 | |
| Goblin Shredder | 5 | |
| Sorceress | 3 | |
| Goblin Zeppelin | 1 | |
| Gryphon Rider | 5 | |
| Goblin Sapper | 6 | |
38 total
» upgrades
| Masonry | 3 | |
| Sorceress Training | 1 | |
| Magic Sentry | 1 | |
| Swords | 3 | |
| Armor | 3 | |
| Storm Hammers | 1 | |
| Animal War Training | 1 | |
| Cloud | 1 | |
| Gunpowder | 3 | |
| Plating | 3 | |
| Long Rifles | 1 | |
| Priest Training | 1 | |
22 total
» buildings
| Altar of Kings | 1 | |
| Barracks | 3 | |
| Farm | 16 | |
| Scout Tower | 50 | |
| Keep | 1 | |
| Arcane Tower | 1 | |
| Arcane Vault | 4 | |
| Lumber Mill | 1 | |
| Town Hall | 4 | |
| Guard Tower | 14 | |
| Arcane Sanctum | 2 | |
| Castle | 1 | |
| Gryphon Aviary | 6 | |
| Blacksmith | 2 | |
106 total
» build order
00:37 Altar of Kings
00:39 Barracks
00:50 Farm
00:51 Farm
01:06 Farm
01:35 Farm
02:04 Scout Tower
03:20 Keep
03:30 Arcane Tower
03:37 Arcane Vault
03:50 Lumber Mill
04:39 Town Hall
04:41 Scout Tower
04:42 Scout Tower
04:42 Scout Tower
04:42 Scout Tower
05:15 Guard Tower
06:48 Arcane Sanctum
06:51 Guard Tower
07:25 Castle
08:05 Scout Tower
08:07 Scout Tower
08:07 Scout Tower
08:08 Scout Tower
08:09 Scout Tower
08:09 Scout Tower
08:21 Scout Tower
08:22 Scout Tower
08:24 Scout Tower
08:26 Scout Tower
08:28 Scout Tower
08:58 Guard Tower
10:37 Scout Tower
10:37 Scout Tower
10:38 Scout Tower
10:38 Scout Tower
10:42 Gryphon Aviary
10:42 Gryphon Aviary
10:42 Gryphon Aviary
10:44 Gryphon Aviary
11:08 Guard Tower
11:41 Guard Tower
12:56 Blacksmith
12:58 Blacksmith
13:01 Farm
13:01 Farm
16:33 Town Hall
16:35 Scout Tower
16:35 Scout Tower
16:35 Scout Tower
16:36 Scout Tower
16:36 Scout Tower
16:37 Scout Tower
16:37 Scout Tower
16:39 Arcane Vault
17:09 Guard Tower
18:10 Guard Tower
18:50 Town Hall
18:53 Scout Tower
18:53 Scout Tower
18:53 Scout Tower
18:54 Scout Tower
18:54 Scout Tower
18:54 Scout Tower
18:55 Scout Tower
18:56 Scout Tower
18:56 Scout Tower
18:56 Scout Tower
18:57 Scout Tower
19:03 Arcane Vault
19:26 Guard Tower
19:53 Guard Tower
20:05 Farm
20:07 Farm
20:09 Farm
20:11 Farm
20:13 Farm
20:20 Guard Tower
20:24 Guard Tower
21:17 Farm
21:19 Farm
21:21 Farm
21:23 Farm
21:24 Farm
22:38 Town Hall
22:41 Scout Tower
22:41 Scout Tower
22:41 Scout Tower
22:41 Scout Tower
22:42 Scout Tower
22:43 Scout Tower
22:43 Scout Tower
22:47 Arcane Vault
22:48 Scout Tower
22:48 Scout Tower
22:49 Scout Tower
23:42 Guard Tower
23:59 Barracks
24:01 Barracks
24:03 Arcane Sanctum
24:17 Guard Tower
25:12 Guard Tower
28:02 Gryphon Aviary
28:04 Gryphon Aviary
» items
| Scroll of Regeneration | 5 | |
| Mechanical Critter | 1 | |
| Boots of Speed | 1 | |
| Periapt of Vitality | 1 | |
| Potion of Invisibility | 1 | |
| Staff of Teleportation | 1 | |
| Lesser Clarity Potion | 3 | |
| Potion of Healing | 3 | |
| Scroll of Town Portal | 3 | |
| Potion of Mana | 1 | |
20 total

»
CamelCrush (
blue | 92 APM | 2659 actions | 28:48)
4 Archmage
2 Summon Water Elemental
2 Brilliance Aura
3 Mountain King
2 Storm Bolt
1 Bash
» actions
| Assign group hotkey | 31 | |
| Basic commands | 3 | |
| Build / train | 87 | |
| Enter build submenu | 34 | |
| Enter hero's abilities submenu | 7 | |
| Right click | 835 | |
| Select / deselect | 269 | |
| Select group hotkey | 1304 | |
| Use ability | 89 | |
2659 total
» units
| Peasant | 17 | |
| Rifleman | 9 | |
| Mortar Team | 2 | |
| Goblin Shredder | 2 | |
| Siege Engine | 2 | |
32 total
» upgrades
| Masonry | 3 | |
| Armor | 2 | |
| Gunpowder | 2 | |
| Lumber Harvesting | 2 | |
| Long Rifles | 1 | |
| Flare | 1 | |
| Plating | 1 | |
| Fragmentation Shards | 1 | |
| Barrage | 1 | |
14 total
» buildings
| Altar of Kings | 1 | |
| Farm | 14 | |
| Barracks | 1 | |
| Blacksmith | 1 | |
| Scout Tower | 9 | |
| Arcane Tower | 2 | |
| Arcane Vault | 2 | |
| Lumber Mill | 1 | |
| Keep | 1 | |
| Town Hall | 1 | |
| Guard Tower | 3 | |
| Workshop | 3 | |
| Cannon Tower | 3 | |
| Castle | 1 | |
43 total
» build order
00:11 Altar of Kings
00:18 Farm
00:32 Farm
00:48 Barracks
01:32 Blacksmith
01:50 Scout Tower
02:01 Farm
02:21 Arcane Tower
02:51 Arcane Vault
03:39 Lumber Mill
04:43 Keep
05:41 Town Hall
06:00 Scout Tower
06:22 Farm
06:42 Scout Tower
07:16 Farm
07:35 Guard Tower
07:38 Scout Tower
07:47 Guard Tower
08:07 Workshop
08:36 Arcane Tower
08:49 Scout Tower
09:08 Arcane Vault
11:02 Scout Tower
11:04 Cannon Tower
11:23 Workshop
11:36 Farm
11:44 Cannon Tower
12:13 Castle
12:40 Farm
13:29 Scout Tower
14:14 Farm
14:38 Cannon Tower
14:42 Scout Tower
16:44 Scout Tower
17:30 Guard Tower
17:33 Workshop
24:04 Farm
24:50 Farm
25:36 Farm
26:41 Farm
27:14 Farm
27:50 Farm
» items
| Scroll of Regeneration | 4 | |
| Potion of Healing | 6 | |
| Lesser Clarity Potion | 4 | |
| Scroll of Town Portal | 7 | |
| Orb of Fire | 1 | |
22 total

»
pugyouyoupugger (
green | 87 APM | 2505 actions | 28:48)
5 Archmage
3 Blizzard
2 Brilliance Aura
» actions
| Assign group hotkey | 15 | |
| Basic commands | 92 | |
| Build / train | 92 | |
| Enter build submenu | 56 | |
| Enter hero's abilities submenu | 5 | |
| Give item / drop item | 1 | |
| Right click | 990 | |
| Select / deselect | 354 | |
| Select group hotkey | 794 | |
| Use ability | 106 | |
2505 total
» units
| Peasant | 17 | |
| Siege Engine | 8 | |
| Flying Machine | 18 | |
| Goblin Shredder | 2 | |
| Goblin Zeppelin | 1 | |
46 total
» upgrades
| Lumber Harvesting | 1 | |
| Gunpowder | 3 | |
| Masonry | 3 | |
| Plating | 3 | |
| Flak Cannons | 1 | |
| Flying Machine Bombs | 1 | |
12 total
» buildings
| Farm | 13 | |
| Altar of Kings | 1 | |
| Lumber Mill | 1 | |
| Arcane Vault | 1 | |
| Keep | 3 | |
| Castle | 1 | |
| Blacksmith | 1 | |
| Workshop | 4 | |
| Scout Tower | 22 | |
| Guard Tower | 6 | |
| Town Hall | 5 | |
58 total
» build order
00:11 Farm
00:12 Altar of Kings
00:24 Farm
01:09 Lumber Mill
01:40 Arcane Vault
02:28 Keep
02:29 Keep
02:50 Farm
04:17 Farm
04:24 Farm
05:04 Castle
05:07 Blacksmith
05:11 Farm
07:37 Workshop
07:38 Workshop
07:53 Workshop
07:54 Workshop
08:09 Farm
08:10 Farm
08:49 Farm
08:50 Farm
10:30 Farm
10:32 Farm
14:03 Scout Tower
14:04 Scout Tower
14:04 Scout Tower
14:06 Scout Tower
14:07 Scout Tower
14:07 Scout Tower
14:08 Scout Tower
14:18 Scout Tower
15:29 Guard Tower
15:36 Town Hall
15:39 Town Hall
16:50 Scout Tower
16:51 Scout Tower
16:51 Scout Tower
17:11 Farm
18:05 Scout Tower
18:06 Scout Tower
18:06 Scout Tower
18:09 Guard Tower
18:11 Guard Tower
18:45 Scout Tower
18:46 Scout Tower
18:46 Scout Tower
21:14 Town Hall
24:42 Guard Tower
24:48 Town Hall
26:01 Scout Tower
26:02 Scout Tower
26:03 Scout Tower
26:03 Scout Tower
26:04 Scout Tower
27:22 Town Hall
» items
| Scroll of Regeneration | 2 | |
| Potion of Healing | 4 | |
| Scroll of Town Portal | 3 | |
| Orb of Fire | 1 | |
| Lesser Clarity Potion | 1 | |
| Mechanical Critter | 2 | |
13 total

»
jiajingxie (
purple | 28 APM | 815 actions | 28:48)
2 Lich
1 Frost Nova
1 Frost Armor
1 Death Knight
1 Death Coil
» actions
| Basic commands | 3 | |
| Build / train | 33 | |
| Enter build submenu | 24 | |
| Enter hero's abilities submenu | 3 | |
| Remove unit from queue | 4 | |
| Right click | 321 | |
| Select / deselect | 391 | |
| Use ability | 36 | |
815 total
» units
| Acolyte | 2 | |
| Ghoul | 7 | |
| Crypt Fiend | 7 | |
| Gargoyle | 1 | |
| Obsidian Statue | 1 | |
18 total
» upgrades
| Burrow | 1 | |
| Unholy Strength | 0 | |
| Creature Attack | 1 | |
| Web | 1 | |
3 total
» buildings
| Altar of Darkness | 1 | |
| Ziggurat | 4 | |
| Crypt | 1 | |
| Graveyard | 1 | |
| Tomb of Relics | 1 | |
| Halls of the Dead | 3 | |
| Slaughterhouse | 1 | |
| Sacrificial Pit | 1 | |
| Temple of the Damned | 2 | |
| Black Citadel | 1 | |
| Necropolis | 3 | |
19 total
» build order
00:13 Altar of Darkness
00:15 Ziggurat
00:43 Crypt
01:05 Ziggurat
01:38 Graveyard
01:41 Tomb of Relics
03:41 Halls of the Dead
03:42 Halls of the Dead
03:42 Halls of the Dead
06:24 Slaughterhouse
06:27 Sacrificial Pit
06:29 Temple of the Damned
06:31 Black Citadel
06:40 Temple of the Damned
06:44 Ziggurat
06:46 Ziggurat
14:07 Necropolis
14:31 Necropolis
15:20 Necropolis
Chat log
(03:58 / Allies) CamelCrush: ?
(04:13 / Allies) LilHeathen: don't do it purp
(04:29 / Allies) LilHeathen: man
(04:30 / Allies) LilHeathen: I'm trying to get level 3
(04:33 / Allies) LilHeathen: so I can gharass other team
(05:44 / Allies) CamelCrush: wtf green
(05:59 / Allies) LilHeathen: god
(06:13 / Allies) LilHeathen: dude
(06:16 / Allies) LilHeathen: do you read chat?
(06:19 / Allies) LilHeathen: I just fucking said I'm trying for lvel 3
(06:48 / All) LongTKList: lets see
(06:57 / Allies) LilHeathen: fucking sigh
(06:58 / All) LongTKList: red ghouls
(07:03 / All) LongTKList: yellow archesr
(07:10 / All) LongTKList: pink hunts
(07:26 / All) LongTKList: i would hit up top now
(07:35 / Allies) LilHeathen: green
(07:37 / Allies) LilHeathen: stop following me man
(07:40 / Allies) LilHeathen: I'm gonna harass
(07:46 / All) LongTKList: yellow tking me
(07:46 / Allies) pugyouyoupugger: can u help me clear plz
(07:50 / Allies) LilHeathen: GREEN
(07:54 / Allies) LilHeathen: sto
(07:55 / Allies) LilHeathen: stp
(08:00 / Allies) pugyouyoupugger: help me someone
(08:01 / All) LongTKList: They hitting up top
(08:03 / Allies) jiajingxie: give me some gold
(08:10 / All) LongTKList: first base
(08:20 / All) LongTKList: go out now and ill red
(08:23 / All) LongTKList: to your left
(08:27 / All) LongTKList: kill
(08:49 / All) LongTKList: ok
(08:55 / All) LongTKList: you guys suck even worse
(09:46 / Allies) pugyouyoupugger: up towers
(09:47 / Allies) pugyouyoupugger: asap
(09:48 / Allies) pugyouyoupugger: we come
(09:55 / Allies) LilHeathen: repair?
(09:58 / Allies) LilHeathen: better repair
(10:01 / All) LongTKList: wow, lol
(11:21 / All) LongTKList: lol
(11:50 / Allies) pugyouyoupugger: gold me now
(11:52 / Allies) pugyouyoupugger: for tanks
(12:12 / Allies) pugyouyoupugger: lumber
(12:13 / Allies) pugyouyoupugger: spare?
(12:41 / Allies) jiajingxie: help
(13:39 / Allies) jiajingxie: help
(13:57 / Allies) LilHeathen: retard lol
(14:02 / Allies) LilHeathen: gtfo chink
(14:15 / Allies) jiajingxie: fu ck you
(14:16 / Allies) pugyouyoupugger: resources plz
(15:23 / All) LongTKList: lol
(15:34 / All) LongTKList: hes got tanks, you guys making atchers and chims still
(15:56 / All) LongTKList: nubbuns
(16:04 / Allies) jiajingxie: ??
(16:08 / Allies) pugyouyoupugger: spare
(16:08 / Allies) pugyouyoupugger: gold
(16:09 / Allies) pugyouyoupugger: plz
(16:12 / All) Thundahcookie: lol oj youre a scrub kid
(16:18 / Allies) jiajingxie: you are so nice
(16:19 / All) Thundahcookie: nobody cares about you
(16:20 / All) LongTKList: they tk me
(16:33 / All) LongTKList: you 2 on my list
(16:36 / All) Thundahcookie: because you were afk for first 10 min
(16:40 / All) Thundahcookie: good
(16:49 / All) Thundahcookie: make me number 1
(16:51 / All) LongTKList: and when i came back ,. no reason to kill my hero
(16:58 / All) Thundahcookie: think im scared bitch boy
(17:01 / All) LongTKList: every game
(17:05 / All) LongTKList: no
(17:11 / All) LongTKList: but you will get very frustrated
(17:20 / All) LongTKList: every
(17:22 / All) LongTKList: game
(17:25 / All) Thundahcookie: ill slit you throat and then your sissys and mommys too
(17:31 / All) LongTKList: uh huh
(17:36 / All) LongTKList: Im scared
(17:54 / All) LongTKList: some 12 year old threated to leave his mommys basement
(17:57 / Allies) LilHeathen: I dodn't remember buying a zep or shreddar
(18:50 / Allies) pugyouyoupugger: spare
(18:51 / Allies) pugyouyoupugger: lumber
(18:52 / Allies) pugyouyoupugger: pplz
(19:47 / Allies) pugyouyoupugger: lumber me now
(20:53 / Allies) pugyouyoupugger: lumber me now damit
(27:47 / All) Dared: gg
(28:28 / Allies) jiajingxie: give me sharm
(28:36 / Allies) jiajingxie: i can help you
(28:43 / Allies) jiajingxie: trust me